 Dungeon Crawl Stone Soup version 0.29.1 (webtiles) character file.

Game seed: 2482230216833320104

2643 LustLizard the Grappler (level 9, 0/89 HPs)
             Began as a Troll Fighter on Sept 13, 2022.
             Was a Follower of Wu Jian.
             Slain by a gnoll
             ... wielding a +2 halberd of electrocution
              (17 damage)
             ... on level 4 of the Dungeon.
             The game lasted 00:07:08 (5077 turns).

LustLizard the Grappler (Troll Fighter)             Turns: 5077, Time: 00:07:08

Health: 0/89       AC: 14    Str: 26    XL:     9   Next: 35%
Magic:  8/8        EV:  8    Int: 14    God:    Wu Jian [*.....]
Gold:   427        SH:  8    Dex:  9    Spells: 8/8 levels left

rFire   . . .      SeeInvis .     - Unarmed
rCold   . . .      Faith    .   b - +0 kite shield
rNeg    . . .      Spirit   .   E - +1 acid dragon scales
rPois   .          Reflect  .   (helmet restricted)
rElec   .          Harm     .   B - +0 cloak
rCorr   +          Rampage  .   (gloves unavailable)
Will    .....                   (boots unavailable)
Stlth   +.........              (no amulet)
HPRegen 1.04/turn               l - +6 ring of intelligence
MPRegen 0.11/turn               u - +4 ring of protection

@: about to teleport
A: large, unfitting armour, claws 3, regeneration 1, shaggy fur 1, tough skin 1
a: Renounce Religion


You were on level 4 of the Dungeon.
You worshipped Wu Jian.
Wu Jian was aware of your devotion.
You visited 2 branches of the dungeon, and saw 7 of its levels.

You collected 427 gold pieces.

Inventory:

Missiles
 d - 75 stones (quivered)
 q - 14 boomerangs
 t - 11 poisoned darts
Armour
 a - a +0 robe
 b - a +0 kite shield (worn)
 B - a +0 cloak (worn)
 E - +1 acid dragon scales (worn)
Jewellery
 l - a +6 ring of intelligence (left claw)
 u - a +4 ring of protection (right claw)
Wands
 s - a wand of flame (14)
 z - a wand of iceblast (8)
 A - a wand of charming (11)
Scrolls
 e - a scroll of teleportation
 g - 4 scrolls of identify {unknown}
 x - a scroll of fog {unknown}
 y - a scroll of acquirement {unknown}
 C - 2 scrolls of vulnerability {unknown}
 D - a scroll of magic mapping {unknown}
 F - a scroll of enchant weapon {unknown}
Potions
 c - 4 potions of might
 f - 2 potions of lignification {unknown}
 h - a potion of brilliance {unknown}
 i - 2 potions of haste {unknown}
 j - 7 potions of resistance
 k - 3 potions of curing {unknown}
 m - 3 potions of degeneration {unknown}
 n - a potion of attraction {unknown}
 o - a potion of ambrosia {unknown}
 p - 3 potions of heal wounds {unknown}
 r - a potion of mutation {unknown}
 v - a potion of flight {unknown}
 w - a potion of berserk rage {unknown}


   Skills:
 + Level 5.8 Fighting
 - Level 2.4 Dodging
 + Level 6.4 Shields
 * Level 9.3 Unarmed Combat


You had 8 spell levels left.
You didn't know any spells.
Your spell library contained the following spells:

 Spells                   Type           Power      Damage    Failure   Level
 Blink                    Tloc           0%         N/A       75%         2
 Gell's Gravitas          Tloc           0%         N/A       92%         3
 Lesser Beckoning         Tloc           0%         N/A       92%         3
 Ozocubu's Armour         Ice            0%         N/A       92%         3
 Teleport Other           Tloc           0%         N/A       92%         3
 Manifold Assault         Tloc           0%         N/A       100%        5
 Ozocubu's Refrigeration  Ice            0%         4d7       100%        7


Dungeon Overview and Level Annotations

Branches:
Dungeon (6/15)             Temple (1/1) D:4

Altars:
Ashenzari
Cheibriados
Dithmenos
Elyvilon
Fedhas
Gozag
Hepliaklqana
Kikubaaqudgha
Makhleb
Nemelex Xobeh
Okawaru
Qazlal
Ru
Sif Muna
Trog
Uskayaw
Vehumet
Wu Jian
Xom
Yredelemnul
Zin
The Shining One

Shops:
D:6 (

Annotations:
D:4 1 transporter, CertainDeath's ghost, amateur DsTm


Innate Abilities, Weirdness & Mutations

You are too large for most types of armour.
You have claws for hands.
Your natural rate of healing is unusually fast.
You are covered in fur. (AC +1)
You have tough skin. (AC +1)


Message History

The gnoll shouts! x2
You claw the gnoll!
You kill the gnoll!
The Council accepts your kill.
There is an open translucent door here.
The gnoll zaps a wand.
The puff of flame hits you!
You close the door.
The gnoll shouts!
A gnoll opens the door.
Found a manual of Ranged Weapons.
The gnoll shouts!
The gnoll throws a throwing net.
The throwing net hits you.
You become entangled in the net!
You see here a throwing net.
You tear a large gash into the net.
The gnoll hits you but does no damage.
You struggle against the net.
The gnoll hits you from afar with a +0 halberd.
The gnoll hits you but does no damage. The gnoll hits you with a +0 club.
You rip the net and break free!
The gnoll closely misses you.
The gnoll throws a throwing net.
The throwing net hits you.
You become entangled in the net!
The gnoll hits you with a +0 club!
You tear a large gash into the net.
The gnoll hits you from afar with a +0 halberd.
The gnoll hits you but does no damage.
You are electrocuted!
The gnoll hits you with a +0 club.
You struggle against the net.
The gnoll hits you but does no damage.
The gnoll hits you from afar with a +2 halberd of electrocution!
You are electrocuted!
The gnoll hits you with a +0 club.
You rip the net and break free!
You block the gnoll's attack. x2
The gnoll hits you with a +0 club.
As you read the scroll of teleportation, it crumbles to dust.
You feel strangely unstable.
The gnoll hits you from afar with a +0 halberd!
* * * LOW HITPOINT WARNING * * *
You block the gnoll's attack. The gnoll hits you but does no damage.
You lunge at the gnoll.
You completely miss the gnoll.
The gnoll hits you with a +2 halberd of electrocution.
* * * LOW HITPOINT WARNING * * *
You are electrocuted!
You die...

.....≈≈..#.#...#.#..≈≈..#
.....≈≈.##.#⌠.⌠#.##.≈≈..#
.....≈≈.#..#...#g©#.≈≈..#
.....≈≈.##.##.##.##.≈≈..#
#........#.#...#g#..≈≈..#
........©#.')©.'g#©.~~..#
.###.....#.#8⌠8#g#..≈≈.##
..#..≈≈.##.#####.##.≈≈.#
.....≈≈.#..#.:.#@.#.≈≈.#
.....≈≈.##.#...#g##.≈≈.#
..>..≈≈..#.#...#g#..≈≈.#
.....≈≈###.##'##.###≈≈.#
.....≈≈#...........#≈≈.#
.....≈≈#8.###W###.8#≈≈.#
.....≈≈#..#8###8#.g#≈≈.#
.....≈≈####.....####≈≈.#
.....≈≈≈≈≈≈≈≈~≈≈≈≈≈≈≈≈.#


You could see 6 gnolls.

Vanquished Creatures
  A two-headed ogre (D:5)
  Maggie (D:6)
  2 fire bats (D:4)
  A water moccasin (D:6)
  A sky beast (D:6)
  2 ogres
  2 centaurs (D:5)
  4 phantoms
  A bullfrog (D:6)
  2 gnoll sergeants (D:5)
  A necrophage (D:4)
  2 hounds
  2 jellies
  An iguana (D:5)
  9 gnolls
  12 adders
  A shadow imp (D:6)
  3 ufetubi
  5 dart slugs
  3 orcs
  3 bats
  7 endoplasms
  6 giant cockroaches
  7 goblins
  6 hobgoblins
  8 kobolds
  5 quokkas
  7 ball pythons
  4 frilled lizards
  4 rats
113 creatures vanquished.

Vanquished Creatures (others)
  3 fungi (D:4)
  26 plants
29 creatures vanquished.

Grand Total: 142 creatures vanquished

Notes
Turn   | Place    | Note
-------+----------+-------------------------------------------
     0 | D:1      | LustLizard the Troll Fighter began the quest for the Orb.
     0 | D:1      | Reached XP level 1. HP: 22/22 MP: 0/0
   305 | D:1      | Reached XP level 2. HP: 29/29 MP: 1/1
   885 | D:2      | Reached XP level 3. HP: 32/36 MP: 2/2
   977 | D:2      | Reached skill level 3 in Unarmed Combat
  1572 | D:3      | Found a bloodstained altar of Trog.
  1626 | D:3      | Reached XP level 4. HP: 44/44 MP: 3/3
  1753 | D:3      | Found a faded altar of an unknown god.
  2472 | D:4      | Found a shimmering blue altar of Sif Muna.
  2481 | D:4      | Found a sacrificial altar of Ru.
  2500 | D:4      | Noticed a necrophage
  2508 | D:4      | Killed a necrophage
  2509 | D:4      | Reached skill level 4 in Unarmed Combat
  2509 | D:4      | Reached XP level 5. HP: 51/53 MP: 4/4
  2611 | D:4      | Found a transporter.
  2662 | D:4      | Noticed a phantom
  2681 | D:4      | Killed a phantom
  2682 | D:4      | Reached XP level 6. HP: 61/61 MP: 5/5
  2736 | D:4      | Identified the +6 halberd "Luntit" {venom, Dex+3}
  2742 | D:4      | Found a transporter.
  2768 | D:4      | Noticed CertainDeath's ghost (amateur DsTm)
  2860 | D:4      | Found a transporter.
  2933 | D:4      | Found a staircase to the Ecumenical Temple.
  3038 | Temple   | Entered the Ecumenical Temple
  3112 | Temple   | Became a worshipper of the Wu Jian Council
  3278 | D:4      | Found a transporter.
  3342 | D:5      | Entered Level 5 of the Dungeon
  3373 | D:5      | Reached skill level 5 in Unarmed Combat
  3423 | D:5      | Noticed a two-headed ogre
  3428 | D:5      | Killed a two-headed ogre
  3429 | D:5      | Reached skill level 5 in Shields
  3429 | D:5      | Reached skill level 7 in Unarmed Combat
  3429 | D:5      | Reached XP level 7. HP: 34/71 MP: 6/6
  3429 | D:5      | Reached XP level 8. HP: 37/79 MP: 7/7
  4044 | D:5      | Reached skill level 5 in Fighting
  4312 | D:6      | Reached skill level 8 in Unarmed Combat
  4343 | D:6      | Found Taec Yll's Antique Weapon Emporium.
  4594 | D:6      | Reached * piety under Wu Jian
  4650 | D:6      | Noticed Maggie
  4668 | D:6      | Killed Maggie
  4669 | D:6      | Reached XP level 9. HP: 25/88 MP: 8/8
  4901 | D:6      | Reached skill level 9 in Unarmed Combat
  5077 | D:4      | Slain by a gnoll

Illustrated notes

Levels and vault maps discovered:
D:1:      kilobyte_arrival_exit_the_forest, layout_loops_cross
D:2:      layout_loops_ring
D:3:      layout_basic, lemuel_round_altar, hellmonk_ecumenical_altar_zigzags,
          kennysheep_another_room, columned_hall_lemuel, kennysheep_nondescript,
          dk_noncrumbling_3, minmay_ruptured
D:4:      gammafunk_cloud_chamber, layout_cave_pools,
          mainiacjoe_overflow_catch_the_wave, temple_green,
          gammafunk_ghost_gnarly_gnolls
D:5:      layout_loops_cross, nicolae_grassy_gnolls
D:6:      layout_basic, serial_shops, nicolae_shop_crystal, uniq_maggie
Temple:   compressed_dpeg_triangle_lava_temple

Skill      XL: |  1  2  3  4  5  6  7  8  9 |
---------------+----------------------------+-----
Shields        | 3 5 6 |  6.4
Unarmed Combat | 3 4 7 8 9 |  9.3
Fighting       | 3 4 5 |  5.8
Dodging        | |  2.4

Action                   |  1- 3 |  4- 6 |  7- 9 || total
-------------------------+-------+-------+-------++-------
Melee: Unarmed           |   112 |   139 |   119 ||   370
Invok: Lunge             |       |     2 |    16 ||    18
  Use: Scroll            |       |     1 |     1 ||     2
Armor: Robe              |    36 |    47 |    33 ||   116
       Acid dragon scale |       |       |    21 ||    21
Dodge: Dodged            |    37 |    43 |    37 ||   117
Block: Kite shield       |    33 |    53 |    52 ||   138
